[Event "Titled Tuesday Blitz August 1 Early 2023"]
[White "Porter, Ryan W"]
[Black "Nithyalakshmi, Sivanesan"]
[WhiteFideId "2011239"]
[BlackFideId "5706955"]
[WhiteElo "2529"]
[BlackElo "2347"]
[Result "0-1"]
[Round "7"]
[TimeControl "180+1"]
[Date "2023.08.01"]
[WhiteClock "0:00:00"]
[BlackClock "0:00:13"]
[Board "157"]

1. e4 e6 2. Nf3 d5 3. e5 Bd7 4. d4 a6 5. c3 Bb5 6. Bxb5+ axb5 7. O-O Nd7 8. Re1 Nb6 9. Qd3 c6 10. Bg5 Be7 11. Bf4 g5 12. Be3 h5 13. Nfd2 g4 14. f3 Nh6 15. Rf1 Nf5 16. Bf2 Rg8 17. f4 g3 18. Bxg3 Nxg3 19. hxg3 h4 20. Rf3 Rg4 21. Nf1 Kd7 22. f5 Qg8 23. f6 Bf8 24. Nbd2 Bh6 25. Nb3 hxg3 26. Rxg3 Bf4 27. Rxg4 Qxg4 28. Qf3 Qg5 29. Kf2 Qh6 30. Nc5+ Kc7 31. Nd3 Bg5 32. Ne3 Rg8 33. Rg1 Qh2 34. Ng4 Bh4+ 35. Kf1 Qg3 36. Qxg3 Bxg3 37. Ne3 Bh4 38. Rh1 Bg5 39. Nd1 Kd7 40. Rh2 Ra8 41. Rh7 Rf8 42. a3 Nc4 43. Ke2 Ke8 44. Nc5 b6 0-1


[Site "https://www.chess.com"]

[Event "Titled Tuesday Blitz August 1 Early 2023"]
[White "Nurgaliyeva, Zarina"]
[Black "Bashirli, Saadat"]
[WhiteFideId "13730096"]
[BlackFideId "13429990"]
[WhiteElo "2528"]
[BlackElo "2343"]
[Result "1-0"]
[Round "7"]
[TimeControl "180+1"]
[Date "2023.08.01"]
[WhiteClock "0:00:30"]
[BlackClock "0:00:05"]
[Board "158"]

1. e4 e5 2. Nf3 Nc6 3. Nc3 Bc5 4. Nxe5 Nxe5 5. d4 Bxd4 6. Qxd4 d6 7. Be3 Nf6 8. h3 Be6 9. O-O-O Qd7 10. Bb5 Nc6 11. Bxc6 Qxc6 12. f4 O-O-O 13. g4 Rhg8 14. g5 Ne8 15. Qxa7 b6 16. f5 Bc4 17. b3 Bxb3 18. axb3 Qxc3 19. Bd4 Qc6 20. Kb2 Qxe4 21. Rhe1 Qb7 22. Qa4 c6 23. Re2 Nc7 24. Rde1 Rge8 25. Bxg7 Kd7 26. Qc4 d5 27. Qd4 Qa6 28. Rxe8 Rxe8 29. Ra1 Qb7 30. Qf6 Kc8 31. Qxf7 Rd8 32. Be5 Nb5 33. Qe6+ Qd7 34. Bf6 Re8 35. Ra8+ Kc7 36. Rxe8 1-0


[Site "https://www.chess.com"]

[Event "Titled Tuesday Blitz August 1 Early 2023"]
[White "Eynullayev, Altay"]
[Black "AndresDelgado77"]
[WhiteFideId "13413562"]
[WhiteElo "2518"]
[BlackElo "2333"]
[Result "1-0"]
[Round "7"]
[TimeControl "180+1"]
[Date "2023.08.01"]
[WhiteClock "0:00:20"]
[BlackClock "0:00:00"]
[Board "159"]

1. e4 e6 2. d4 d5 3. e5 c5 4. c3 Qb6 5. Nf3 Nc6 6. a3 a5 7. Bd3 Bd7 8. Bc2 a4 9. O-O Nh6 10. Re1 Nf5 11. Bxf5 exf5 12. c4 Be6 13. cxd5 Bxd5 14. dxc5 Qxc5 15. Be3 Qa5 16. Nc3 Bb3 17. Qd3 g6 18. Nb5 Rd8 19. Nd6+ Bxd6 20. exd6 O-O 21. Bh6 Be6 22. Ng5 Qc5 23. Rxe6 fxe6 24. Nxe6 Qxd6 25. Qxd6 Rxd6 26. Nxf8 Nd4 27. Re1 Ne2+ 28. Kf1 1-0


[Site "https://www.chess.com"]

[Event "Titled Tuesday Blitz August 1 Early 2023"]
[White "Gueci, Tea"]
[Black "Malka, Samuel"]
[WhiteFideId "872342"]
[BlackFideId "20643675"]
[WhiteElo "2332"]
[BlackElo "2498"]
[Result "0-1"]
[Round "7"]
[TimeControl "180+1"]
[Date "2023.08.01"]
[WhiteClock "0:01:00"]
[BlackClock "0:01:16"]
[Board "160"]

1. e4 c5 2. Nf3 Nc6 3. Nc3 g6 4. g3 Bg7 5. Bg2 d6 6. O-O Rb8 7. h3 Nf6 8. a4 Nd7 9. Ne2 a6 10. c3 Nde5 11. Nxe5 dxe5 12. d3 O-O 13. Be3 b6 14. Qd2 Na5 15. Qc2 Be6 16. Nc1 Qd6 17. Kh2 Rfd8 18. Rb1 Nc6 19. b3 b5 20. axb5 axb5 21. Ra1 Ra8 22. Rxa8 Rxa8 23. Ne2 Ra3 24. Rb1 b4 25. c4 Nd4 26. Bxd4 exd4 27. f4 Qa6 28. Ng1 Bd7 29. Nf3 Bc6 30. Qd2 Ra2 31. Rb2 Ra1 32. Qc2 Qa3 33. Rb1 Ra2 34. Rb2 Qxb2 0-1


[Site "https://www.chess.com"]

[Event "Titled Tuesday Blitz August 1 Early 2023"]
[White "Valle Maytin, Luis Enrique"]
[Black "Rodchenkov, Sergey D."]
[WhiteFideId "3503666"]
[BlackFideId "4168712"]
[WhiteElo "2329"]
[BlackElo "2497"]
[Result "0-1"]
[Round "7"]
[TimeControl "180+1"]
[Date "2023.08.01"]
[WhiteClock "0:00:05"]
[BlackClock "0:00:28"]
[Board "161"]

1. d4 d5 2. Nf3 Nf6 3. e3 c5 4. Bd3 cxd4 5. exd4 g6 6. c3 Bg7 7. Bf4 O-O 8. Nbd2 Nc6 9. O-O Bf5 10. Bxf5 gxf5 11. h3 e6 12. Re1 Ne4 13. Nf1 Bf6 14. N3d2 Kh8 15. f3 Nd6 16. Ne3 Rg8 17. Kh2 Bg5 18. Bxg5 Qxg5 19. Qe2 Rg7 20. g4 Rag8 21. Rg1 f4 22. Ng2 Nf5 23. Nb3 h5 24. Nc5 Rh7 25. Nd3 hxg4 26. fxg4 Rxh3+ 27. Kxh3 Qh6+ 28. Nh4 Qxh4+ 29. Kg2 Rxg4+ 30. Kf1 Ne3+ 31. Qxe3 fxe3 32. Rxg4 Qxg4 33. Re1 Qf3+ 34. Kg1 f5 35. Rf1 Qg3+ 36. Kh1 e2 37. Rg1 Qh3# 0-1


[Site "https://www.chess.com"]

[Event "Titled Tuesday Blitz August 1 Early 2023"]
[White "Khamdamova, Afruza"]
[Black "Van den Dikkenberg, Erik"]
[WhiteFideId "14210444"]
[BlackFideId "1005880"]
[WhiteElo "2490"]
[BlackElo "2326"]
[Result "1/2-1/2"]
[Round "7"]
[TimeControl "180+1"]
[Date "2023.08.01"]
[WhiteClock "0:00:02"]
[BlackClock "0:00:01"]
[Board "162"]

1. e4 c5 2. Nf3 d6 3. d4 cxd4 4. Nxd4 Nf6 5. Nc3 a6 6. Bg5 e6 7. Qe2 Nc6 8. O-O-O Be7 9. f4 Qc7 10. g4 O-O 11. Bg2 Nxd4 12. Rxd4 Bd7 13. Rhd1 Bc6 14. h4 Rac8 15. f5 e5 16. R4d2 b5 17. a3 Rfd8 18. Bxf6 Bxf6 19. g5 Be7 20. f6 Bf8 21. fxg7 Bxg7 22. Bh3 Rb8 23. Bf5 b4 24. axb4 Rxb4 25. Qh5 Qa5 26. Qxh7+ Kf8 27. Nb1 Rxb2 28. c3 Rxb1+ 29. Kxb1 Qxc3 30. Rb2 Bb5 31. Qh5 Bd3+ 32. Rxd3 Qxd3+ 33. Ka2 Qc4+ 34. Kb1 Qd3+ 35. Ka2 d5 36. Qe2 dxe4 37. Qxd3 exd3 38. Rd2 e4 39. Bxe4 Rd4 40. Bf5 Ra4+ 41. Kb3 Rxh4 42. Rxd3 Rf4 43. Rd5 Ke7 44. Bd3 Bd4 45. Ra5 Be3 46. Kc2 Rd4 47. Rxa6 Rd6 48. Ra7+ Ke6 49. Ra8 Bxg5 50. Re8+ Kf6 51. Bc4 Bf4 52. Re4 Be5 53. Bxf7 Rc6+ 54. Kd3 Rd6+ 55. Ke2 Rd4 56. Rxd4 Bxd4 1/2-1/2


[Site "https://www.chess.com"]

[Event "Titled Tuesday Blitz August 1 Early 2023"]
[White "Gutkin, Ilya"]
[Black "Fajdetic, Hrvoje"]
[WhiteFideId "16203470"]
[BlackFideId "14501945"]
[WhiteElo "2486"]
[BlackElo "2320"]
[Result "1-0"]
[Round "7"]
[TimeControl "180+1"]
[Date "2023.08.01"]
[WhiteClock "0:00:12"]
[BlackClock "0:00:03"]
[Board "163"]

1. e4 c5 2. Nf3 a6 3. c4 Nc6 4. d4 cxd4 5. Nxd4 g6 6. Nc3 Bg7 7. Be3 Nf6 8. Be2 d6 9. O-O Nxd4 10. Qxd4 Be6 11. Rad1 O-O 12. Qd2 Rc8 13. b3 Qa5 14. Nd5 Qd8 15. Bg5 Nxe4 16. Nxe7+ Qxe7 17. Bxe7 Nxd2 18. Rxd2 Rfe8 19. Bxd6 Bh6 20. f4 Rcd8 21. Bf3 Rd7 22. c5 Red8 23. Rfd1 Bf8 24. b4 b6 25. Bc6 Bxd6 26. Bxd7 Bxf4 27. Bxe6 Rxd2 28. Rxd2 Bxd2 29. c6 Bf4 30. Bc4 a5 31. bxa5 bxa5 32. Kf2 Kf8 33. Kf3 Bd6 34. h3 f5 35. Ke3 Be5 36. Bd5 Ke7 37. Kd3 Kd6 38. Kc4 Bf4 39. Bf3 Bd2 40. Kb5 Kc7 41. Bd5 h6 42. h4 g5 43. h5 f4 44. Bf3 Be1 45. Kc5 Bd2 46. Kd5 Be1 47. Ke6 Bd2 48. Kf7 a4 49. Kg7 a3 50. Kxh6 g4 51. Be4 f3+ 52. Kg6 fxg2 53. Bxg2 g3 54. h6 Bc3 55. Kf7 Bd4 56. h7 Kd6 57. Kg8 Kc7 58. h8=Q Bxh8 59. Kxh8 Kd6 60. Kg7 Kc7 61. Kf6 Kd6 62. Kf5 Kc7 63. Ke6 Kb6 64. Kd6 Ka7 65. c7 Kb6 66. c8=Q Ka5 67. Qb7 Ka4 68. Kc5 Ka5 69. Qa8# 1-0


[Site "https://www.chess.com"]

[Event "Titled Tuesday Blitz August 1 Early 2023"]
[White "Hrbek, Stepan"]
[Black "Girya, Olga"]
[WhiteFideId "393479"]
[BlackFideId "4195752"]
[WhiteElo "2314"]
[BlackElo "2479"]
[Result "1-0"]
[Round "7"]
[TimeControl "180+1"]
[Date "2023.08.01"]
[WhiteClock "0:00:29"]
[BlackClock "0:00:18"]
[Board "164"]

1. e4 e5 2. Nf3 Nc6 3. Bb5 a6 4. Ba4 Nf6 5. O-O Nxe4 6. d4 b5 7. Bb3 d5 8. dxe5 Be6 9. Qe2 Nc5 10. Rd1 Nxb3 11. axb3 Be7 12. c4 b4 13. cxd5 Bxd5 14. Rxa6 Rxa6 15. Qxa6 O-O 16. Be3 Bc4 17. Rxd8 Bxa6 18. Rd7 Rd8 19. Rxd8+ Nxd8 20. Nbd2 Bd3 21. Nc4 Nc6 22. Nfd2 g5 23. g4 Kg7 24. f3 Kg6 25. Kf2 h5 26. gxh5+ Kxh5 27. Kg3 f5 28. exf6 Bxf6 29. f4 Be7 30. fxg5 Bf6 31. gxf6 1-0


[Site "https://www.chess.com"]

[Event "Titled Tuesday Blitz August 1 Early 2023"]
[White "Ai, Evan"]
[Black "Grossboss19"]
[WhiteFideId "2094770"]
[WhiteElo "2311"]
[BlackElo "2475"]
[Result "1/2-1/2"]
[Round "7"]
[TimeControl "180+1"]
[Date "2023.08.01"]
[WhiteClock "0:00:19"]
[BlackClock "0:00:05"]
[Board "165"]

1. e4 c5 2. Nf3 Nf6 3. Nc3 a6 4. e5 Ng8 5. a4 Nc6 6. Bc4 e6 7. d3 d5 8. exd6 Bxd6 9. Qe2 Nf6 10. O-O h6 11. Ne4 Nxe4 12. dxe4 Qc7 13. h3 O-O 14. Bd2 Ne5 15. Nxe5 Bxe5 16. c3 Bd7 17. f4 Bd6 18. Be3 Rab8 19. a5 Bc6 20. e5 Be7 21. Rfd1 Rfd8 22. Rxd8+ Rxd8 23. Qf2 Be4 24. Be2 Qc6 25. Rd1 Rxd1+ 26. Bxd1 Qd5 27. Bc2 Bxc2 28. Qxc2 c4 29. Qa4 Kh7 30. Qe8 Qe4 31. Bf2 Qb1+ 32. Kh2 Qxb2 33. Qxe7 Qxf2 34. Qxf7 Qd2 35. Qxe6 Qxf4+ 36. Kh1 Qe4 37. Qd6 Qe1+ 38. Kh2 Qxc3 39. e6 Qf6 40. Qd5 Qf4+ 41. Kg1 Qe3+ 42. Kh2 c3 43. Qf5+ Kg8 44. Qf7+ Kh8 45. e7 Qe5+ 46. Kh1 Qe1+ 47. Kh2 Qe5+ 48. Kg1 Qe1+ 49. Kh2 Qe5+ 1/2-1/2


[Site "https://www.chess.com"]

[Event "Titled Tuesday Blitz August 1 Early 2023"]
[White "Polaczek, Richard"]
[Black "Georg, Heinz"]
[WhiteFideId "200026"]
[BlackFideId "4607295"]
[WhiteElo "2450"]
[BlackElo "2311"]
[Result "1-0"]
[Round "7"]
[TimeControl "180+1"]
[Date "2023.08.01"]
[WhiteClock "0:00:09"]
[BlackClock "0:00:02"]
[Board "166"]

1. d4 f5 2. Nf3 Nf6 3. g3 g6 4. Bg2 Bg7 5. b4 O-O 6. Bb2 d6 7. c4 Ne4 8. Qb3 e6 9. O-O c6 10. a4 d5 11. Nbd2 Nd7 12. b5 Nxd2 13. Nxd2 Nf6 14. Ba3 Rf7 15. Nf3 Ne4 16. Rad1 a6 17. bxc6 bxc6 18. Ne5 Bxe5 19. dxe5 a5 20. f3 Ng5 21. h4 Rb7 22. Qc2 Nf7 23. e4 Qb6+ 24. Kh1 Qb3 25. Qxb3 Rxb3 26. Bc5 Ba6 27. exd5 cxd5 28. cxd5 Bxf1 29. Bxf1 exd5 30. e6 Ne5 31. Rxd5 Nxf3 32. e7 Re8 33. Rd8 Rb2 34. Rxe8+ Kg7 35. Rg8+ Kf6 36. e8=N+ Kf7 37. Bc4# 1-0


[Site "https://www.chess.com"]

[Event "Titled Tuesday Blitz August 1 Early 2023"]
[White "Levitan, Caleb Levi"]
[Black "Kazakov, Mikhail"]
[WhiteFideId "14332620"]
[BlackFideId "14102749"]
[WhiteElo "2307"]
[BlackElo "2432"]
[Result "0-1"]
[Round "7"]
[TimeControl "180+1"]
[Date "2023.08.01"]
[WhiteClock "0:00:00"]
[BlackClock "0:00:06"]
[Board "167"]

1. e4 e5 2. Nf3 Nc6 3. Bb5 a6 4. Ba4 Nf6 5. Qe2 b5 6. Bb3 Be7 7. c3 O-O 8. O-O h6 9. Rd1 d5 10. d3 Re8 11. Nbd2 Bf8 12. Nf1 d4 13. Ng3 dxc3 14. bxc3 Na5 15. Bc2 c5 16. Nh4 g6 17. Nf3 Nc6 18. Be3 Ng4 19. h3 Nxe3 20. Qxe3 Be6 21. Bb3 b4 22. Bxe6 Rxe6 23. cxb4 cxb4 24. Ne2 a5 25. Rdc1 Rc8 26. d4 exd4 27. Nexd4 Nxd4 28. Nxd4 Re8 29. Rd1 Qe7 30. f3 Bg7 31. Rab1 Rc3 32. Qe2 Qa7 33. Qf2 Rec8 34. Nb3 Qxf2+ 35. Kxf2 Rc2+ 36. Rd2 Rxd2+ 37. Nxd2 Rc2 38. Ke3 Rxa2 39. Nc4 Rxg2 40. Nxa5 Bc3 41. Nc6 Rh2 42. Nxb4 Rxh3 43. Nd5 Be5 44. Rb5 Kg7 45. Nb6 Bf6 46. Nd7 Bg5+ 47. Ke2 Rh2+ 48. Kf1 Ra2 49. Kg1 Bf4 50. Nc5 h5 51. Nd3 Be3+ 52. Kf1 h4 53. Ne5 h3 54. Rb7 h2 55. Rxf7+ Kg8 0-1


[Site "https://www.chess.com"]

[Event "Titled Tuesday Blitz August 1 Early 2023"]
[White "Stachanczyk, Jacek"]
[Black "Kaminski, Victor"]
[WhiteFideId "1116657"]
[BlackFideId "1131630"]
[WhiteElo "2427"]
[BlackElo "2307"]
[Result "0-1"]
[Round "7"]
[TimeControl "180+1"]
[Date "2023.08.01"]
[WhiteClock "0:00:07"]
[BlackClock "0:00:05"]
[Board "168"]

1. e4 e5 2. Nf3 Nc6 3. Bb5 a6 4. Ba4 Nf6 5. O-O Be7 6. Re1 b5 7. Bb3 O-O 8. a4 Bb7 9. d3 d6 10. Nbd2 Na5 11. Ba2 c5 12. c3 Rb8 13. axb5 axb5 14. Nf1 c4 15. Ng3 Bc8 16. h3 Be6 17. d4 Qc7 18. d5 Bd7 19. Be3 Rfe8 20. Nh2 Nb7 21. Bb1 Nc5 22. Bc2 b4 23. Qf3 bxc3 24. bxc3 Rb2 25. Rec1 Reb8 26. Ng4 Nb3 27. Bxb3 cxb3 28. Nxf6+ Bxf6 29. c4 Rc2 30. Rxc2 bxc2 31. Rc1 Qxc4 32. Qe2 Rc8 33. Qxc4 Rxc4 34. f3 Bd8 35. Kf2 g6 36. Nf1 f5 37. Ke2 Bb5 38. Kf2 fxe4 39. fxe4 Rxe4 40. Rxc2 Bxf1 41. Kxf1 Rxe3 42. Rc8 Kf7 43. Rxd8 Ke7 44. Rh8 Rd3 45. Rxh7+ Kf6 46. Rd7 Rxd5 47. Ke2 Rd4 48. Ke3 Rd1 49. g3 d5 50. Rd6+ Kf5 51. g4+ Kg5 52. Kf3 Rd3+ 53. Ke2 Rxh3 54. Rxd5 Kf4 55. Rd6 Rh2+ 56. Ke1 g5 57. Re6 e4 58. Rf6+ Ke3 59. Rf7 Rh1+ 60. Rf1 Rxf1+ 61. Kxf1 Kd2 0-1


[Site "https://www.chess.com"]

[Event "Titled Tuesday Blitz August 1 Early 2023"]
[White "Vivas Zamora, Fabian Ernesto"]
[Black "Xavier_mompel"]
[WhiteFideId "3902480"]
[WhiteElo "2424"]
[BlackElo "2290"]
[Result "1-0"]
[Round "7"]
[TimeControl "180+1"]
[Date "2023.08.01"]
[WhiteClock "0:00:25"]
[BlackClock "0:00:00"]
[Board "169"]

1. e4 c5 2. Nf3 e6 3. d4 cxd4 4. Nxd4 Nc6 5. Nc3 Qc7 6. Be3 a6 7. Qf3 Nf6 8. O-O-O b5 9. Qg3 Qxg3 10. hxg3 Bb7 11. f3 Bb4 12. Nce2 O-O 13. Nxc6 Bxc6 14. g4 Rac8 15. Nd4 Bc5 16. Bd3 g6 17. Kd2 e5 18. Nb3 Bxe3+ 19. Kxe3 d5 20. g5 d4+ 21. Kf2 Nh5 22. g3 f6 23. gxf6 Rxf6 24. Kg2 Rcf8 25. Rdf1 Bb7 26. Nc5 Bc8 27. a4 Rc6 28. b4 bxa4 29. Ra1 Rcf6 30. Rhf1 g5 31. Rxa4 g4 32. Be2 gxf3+ 33. Rxf3 Rxf3 34. Bxf3 Bh3+ 35. Kxh3 Rxf3 36. Kg4 Rxg3+ 37. Kxh5 Kg7 38. Rxa6 h6 39. Ra7+ Kf6 40. Ra6+ Kg7 41. b5 Rc3 42. Rc6 Kf7 43. b6 Rxc2 44. b7 Rb2 45. Rc8 d3 46. b8=Q Rxb8 47. Rxb8 d2 48. Rd8 1-0


[Site "https://www.chess.com"]

[Event "Titled Tuesday Blitz August 1 Early 2023"]
[White "Avazkhonov, Alikhon"]
[Black "Fernandez Siles, Luis"]
[WhiteFideId "14208504"]
[BlackFideId "2209420"]
[WhiteElo "2421"]
[BlackElo "2289"]
[Result "0-1"]
[Round "7"]
[TimeControl "180+1"]
[Date "2023.08.01"]
[WhiteClock "0:00:00"]
[BlackClock "0:00:15"]
[Board "170"]

1. d4 Nf6 2. c4 g6 3. Nc3 Bg7 4. e4 d6 5. f3 O-O 6. Be3 e5 7. Nge2 c6 8. Qd2 Nbd7 9. O-O-O a6 10. g4 h5 11. h3 b5 12. Ng3 exd4 13. Bxd4 h4 14. Nge2 c5 15. Be3 Ne5 16. Ng1 bxc4 17. Qxd6 Nd3+ 18. Rxd3 cxd3 19. Bxc5 Be6 20. f4 Re8 21. Nf3 Rc8 22. Qxd8 Rexd8 23. Be7 Rd7 24. Bxf6 Bxf6 25. e5 Be7 26. Kb1 Bb4 27. Ne4 Kg7 28. f5 gxf5 29. Nf6 Rdd8 30. gxf5 Bxf5 31. Rg1+ Kh8 32. Bxd3 Rxd3 33. Ka1 Rxf3 0-1


[Site "https://www.chess.com"]

[Event "Titled Tuesday Blitz August 1 Early 2023"]
[White "Joshi, Pankaj"]
[Black "Fernandez Garcia, Gumersindo"]
[WhiteFideId "5006210"]
[BlackFideId "24516740"]
[WhiteElo "2273"]
[BlackElo "2416"]
[Result "0-1"]
[Round "7"]
[TimeControl "180+1"]
[Date "2023.08.01"]
[WhiteClock "0:00:40"]
[BlackClock "0:01:27"]
[Board "172"]

1. e4 c5 2. c3 g6 3. d4 cxd4 4. cxd4 d5 5. e5 Bg7 6. Nf3 Nc6 7. Nc3 Bg4 8. Be3 Bxf3 9. Qxf3 e6 10. Bb5 Ne7 11. g4 Rc8 12. h4 h5 13. gxh5 Rxh5 14. a3 Nf5 15. Rd1 Rxh4 16. Rxh4 Qxh4 17. Kd2 Nxd4 18. Qh1 Qxh1 19. Rxh1 Nxb5 20. Nxb5 Bxe5 21. f4 Bb8 22. Rh8+ Kd7 23. Rh7 d4 24. Nxd4 Nxd4 25. Bxd4 Ke7 26. Ke3 Rc4 27. Kd3 Rc1 28. Be3 Rc6 29. b4 a6 30. Bc5+ Bd6 31. Be3 Rc8 32. f5 exf5 33. Bg5+ Ke6 0-1


[Site "https://www.chess.com"]

[Event "Titled Tuesday Blitz August 1 Early 2023"]
[White "Harriott, Tyrell"]
[Black "Smietanska, Wiktoria"]
[WhiteFideId "2086484"]
[BlackFideId "21869359"]
[WhiteElo "2415"]
[BlackElo "2266"]
[Result "1-0"]
[Round "7"]
[TimeControl "180+1"]
[Date "2023.08.01"]
[WhiteClock "0:00:52"]
[BlackClock "0:00:08"]
[Board "173"]

1. d4 Nf6 2. e3 g6 3. Bd3 Bg7 4. f4 d5 5. Nf3 O-O 6. O-O c5 7. c3 b6 8. Nbd2 Ba6 9. Bxa6 Nxa6 10. b3 Nc7 11. Bb2 Nce8 12. c4 cxd4 13. exd4 Nd6 14. Ne5 Rc8 15. Qf3 Nf5 16. g4 Nd6 17. Rfd1 Nde4 18. Nf1 e6 19. Rac1 dxc4 20. bxc4 Nd6 21. Ba3 Re8 22. Ng3 Qd7 23. Nxd7 1-0


[Site "https://www.chess.com"]

[Event "Titled Tuesday Blitz August 1 Early 2023"]
[White "Vaglio Munoz, Jaime"]
[Black "Cheer_Down"]
[WhiteFideId "6500145"]
[WhiteElo "2266"]
[BlackElo "2412"]
[Result "1/2-1/2"]
[Round "7"]
[TimeControl "180+1"]
[Date "2023.08.01"]
[WhiteClock "0:00:31"]
[BlackClock "0:00:17"]
[Board "174"]

1. Nf3 d5 2. c4 e6 3. b3 Nf6 4. Bb2 Be7 5. g3 O-O 6. Bg2 c5 7. O-O Nc6 8. cxd5 Nxd5 9. d4 cxd4 10. Nxd4 Bd7 11. Nd2 Nxd4 12. Bxd4 Bf6 13. Nf3 Bc6 14. Ne5 Bxe5 15. Bxe5 Qa5 16. Qe1 Qxe1 17. Rfxe1 f6 18. Bb2 Nb4 19. Rec1 Rfc8 20. Bf1 Bd5 21. a3 Nc6 22. b4 e5 23. e3 Kf7 24. Bh3 Be6 25. Bg2 Nd8 26. Kf1 Rxc1+ 27. Rxc1 Rc8 28. Ke2 Rxc1 29. Bxc1 Bc4+ 30. Kd2 Ke6 31. Kc3 Bd5 32. f3 Bc6 33. g4 h6 34. e4 Ke7 35. Kb3 Ne6 36. Be3 b6 37. a4 Nf4 38. Bf1 Kd6 39. b5 Bd7 40. Kc4 Be6+ 41. Kc3 Bf7 42. Bc1 Kd7 43. Ba3 Kc7 44. Bf8 Ne6 45. Bb4 Kd7 46. Be2 Nd4 47. Bd1 h5 48. h3 hxg4 49. hxg4 g5 50. a5 Nxb5+ 51. Kd3 Nd4 52. a6 Kc6 53. Ba4+ b5 54. Bd1 Bc4+ 55. Ke3 Kd7 56. Bc5 Nc6 57. Kd2 b4 58. Ba4 Bxa6 59. Bxb4 Bb7 60. Bc5 a6 61. Kc3 Ke6 62. Bb3+ Kd7 63. Bd5 Na5 64. Ba2 Bc6 65. Bb6 Nb7 66. Bc4 Nd6 67. Bxa6 Bb5 68. Bxb5+ Nxb5+ 69. Kd2 Ke6 70. Ke3 Nd6 71. Bc5 Nc4+ 72. Kd3 Na5 73. Bb6 Nc6 74. Be3 Nb8 75. Kc4 Nd7 76. Kb5 Nf8 77. Kc4 Ng6 78. Kd3 Nh4 79. Ke2 Ng2 80. Bc5 Nh4 81. Be3 Ng6 82. Bc5 Kd7 83. Be3 Ke6 84. Kd3 Nh4 85. Ke2 1/2-1/2


[Site "https://www.chess.com"]

[Event "Titled Tuesday Blitz August 1 Early 2023"]
[White "Der_Balak_3Halak"]
[Black "Tqebuchava, Zurab"]
[BlackFideId "13601113"]
[WhiteElo "2409"]
[BlackElo "2262"]
[Result "0-1"]
[Round "7"]
[TimeControl "180+1"]
[Date "2023.08.01"]
[WhiteClock "0:01:41"]
[BlackClock "0:00:32"]
[Board "175"]

1. c4 d6 2. d4 Nf6 3. Nc3 Nbd7 4. g3 e5 5. e3 Be7 6. Bg2 O-O 7. Nge2 c6 8. Qc2 Re8 9. b4 a5 10. b5 exd4 11. Nxd4 Ne5 12. bxc6 bxc6 13. Nxc6 Nxc6 14. Bxc6 Ra6 15. Bxe8 Qxe8 16. O-O Bh3 17. Re1 Qc6 18. e4 Qxc4 19. Bg5 h6 20. e5 Qc6 21. f3 hxg5 22. exf6 Bxf6 23. Rac1 Bd4+ 24. Qf2 Qxf3 25. Re8+ Kh7 26. Ne4 Bxf2+ 27. Nxf2 Qg2# 0-1


[Site "https://www.chess.com"]

[Event "Titled Tuesday Blitz August 1 Early 2023"]
[White "Tsyhanchuk, Stanislav"]
[Black "Quirke, Jeffrey"]
[WhiteFideId "13505130"]
[BlackFideId "2013029"]
[WhiteElo "2409"]
[BlackElo "2247"]
[Result "1-0"]
[Round "7"]
[TimeControl "180+1"]
[Date "2023.08.01"]
[WhiteClock "0:01:23"]
[BlackClock "0:00:18"]
[Board "176"]

1. c4 b6 2. Nc3 Bb7 3. d4 e6 4. e4 Bb4 5. Bd3 f5 6. Qc2 Bxc3+ 7. bxc3 fxe4 8. Bxe4 Bxe4 9. Qxe4 Nc6 10. d5 Nf6 11. Qe2 Na5 12. dxe6 dxe6 13. Qxe6+ Qe7 14. Qxe7+ Kxe7 15. Bf4 c5 16. O-O-O Rad8 17. Re1+ Kf7 18. Nf3 Nxc4 19. Ng5+ Kg6 20. h4 Rhe8 21. f3 h5 22. Ne6 Rd7 23. Bg5 Rde7 24. Nf4+ Kf7 25. Rxe7+ Rxe7 26. Bxf6 gxf6 27. Nxh5 Re2 28. Kb1 Rxg2 29. Nf4 Rb2+ 30. Ka1 Rf2 31. h5 Rxf3 32. h6 1-0


[Site "https://www.chess.com"]

[Event "Titled Tuesday Blitz August 1 Early 2023"]
[White "Liu, Leonardo"]
[Black "FuenfgegenWilly"]
[WhiteFideId "30965780"]
[WhiteElo "2230"]
[BlackElo "2407"]
[Result "0-1"]
[Round "7"]
[TimeControl "180+1"]
[Date "2023.08.01"]
[WhiteClock "0:01:28"]
[BlackClock "0:01:46"]
[Board "177"]

1. e4 e5 2. Nf3 Nc6 3. Bc4 Nf6 4. d3 d5 5. exd5 Nxd5 6. c3 Bc5 7. Qb3 O-O 8. Bxd5 Na5 9. Qb5 Qxd5 10. Be3 b6 11. b4 a6 12. Qa4 Bxe3 13. fxe3 Qxd3 14. bxa5 Qxe3+ 15. Kf1 Bf5 16. Ne1 Rad8 17. axb6 cxb6 18. Qc4 Rd1 19. Qe2 Bd3 0-1


[Site "https://www.chess.com"]

[Event "Titled Tuesday Blitz August 1 Early 2023"]
[White "KorolDimitriy75"]
[Black "Vafin, Ayrat"]
[BlackFideId "4146530"]
[WhiteElo "2406"]
[BlackElo "2235"]
[Result "0-1"]
[Round "7"]
[TimeControl "180+1"]
[Date "2023.08.01"]
[WhiteClock "0:00:00"]
[BlackClock "0:00:12"]
[Board "178"]

1. d4 d5 2. c4 e6 3. Nc3 Be7 4. cxd5 exd5 5. Bf4 c6 6. e3 Bf5 7. g4 Be6 8. h4 Nd7 9. g5 h6 10. gxh6 Nxh6 11. Nf3 Qb6 12. Qd2 O-O-O 13. O-O-O g6 14. Bg5 Bxg5 15. hxg5 Nf5 16. Bd3 Nd6 17. Kb1 Bg4 18. Qe2 Kb8 19. Ka1 Qb4 20. Rhg1 Be6 21. Rc1 Rh3 22. Ne5 Nxe5 23. dxe5 Nf5 24. Rh1 Rxh1 25. Rxh1 d4 26. exd4 Nxd4 27. Qe3 Bc4 28. Bb1 Qa5 29. b3 Nxb3+ 30. Kb2 Nd4 31. Rd1 Ne6 32. Rxd8+ Qxd8 33. Ne4 Qa5 34. Nd6 Qb4+ 35. Kc1 Bd5 36. a3 Qa5 37. Nxf7 Nc5 38. Nd6 Nb3+ 39. Kb2 Nd2 0-1


[Site "https://www.chess.com"]

[Event "Titled Tuesday Blitz August 1 Early 2023"]
[White "Silva Lucena, Cristian"]
[Black "Hrescak, Ivana"]
[WhiteFideId "2232588"]
[BlackFideId "14613441"]
[WhiteElo "2401"]
[BlackElo "2218"]
[Result "1-0"]
[Round "7"]
[TimeControl "180+1"]
[Date "2023.08.01"]
[WhiteClock "0:00:59"]
[BlackClock "0:00:02"]
[Board "179"]

1. c4 e5 2. Nc3 Nf6 3. Nf3 e4 4. Ng5 c6 5. Ngxe4 Nxe4 6. Nxe4 d5 7. cxd5 cxd5 8. Nc3 d4 9. Nb1 Nc6 10. d3 Bd6 11. g3 h5 12. Bg2 h4 13. Nd2 h3 14. Be4 Be6 15. a3 O-O 16. b4 a6 17. Nc4 Bc7 18. Qd2 Qe7 19. Qg5 f6 20. Qh4 f5 21. Qxe7 Nxe7 22. Bxb7 Ra7 23. Bf3 Nd5 24. Bb2 Nc3 25. Kd2 Bxc4 26. dxc4 Be5 27. Bxc3 dxc3+ 28. Kc2 a5 29. b5 f4 30. g4 Re8 31. Bd5+ Kh7 32. e4 fxe3 33. fxe3 Bd6 34. e4 Be5 35. Rhf1 Ree7 36. Rf3 Kg6 37. Rxh3 Rac7 38. b6 Rc8 39. b7 Rb8 40. Rb1 Rd7 41. Rb6+ Rd6 42. Rxd6+ Bxd6 43. Kxc3 Bxa3 44. Kd4 Bb4 45. c5 a4 46. c6 Bd6 47. e5 Bc7 48. Ra3 1-0


[Site "https://www.chess.com"]

[Event "Titled Tuesday Blitz August 1 Early 2023"]
[White "Dishman, Stephen"]
[Black "Butti, Enrique"]
[WhiteFideId "403024"]
[BlackFideId "3700470"]
[WhiteElo "2397"]
[BlackElo "2184"]
[Result "1-0"]
[Round "7"]
[TimeControl "180+1"]
[Date "2023.08.01"]
[WhiteClock "0:01:46"]
[BlackClock "0:01:41"]
[Board "180"]

1. c4 b6 2. Nf3 Bb7 3. g3 Bxf3 4. exf3 e6 5. Bg2 c6 6. f4 d5 7. cxd5 cxd5 8. O-O Bd6 9. Nc3 Ne7 10. d4 Nbc6 11. Be3 O-O 12. Qd3 Rc8 13. Rac1 Na5 14. Rc2 Nc4 15. Bc1 Qd7 16. Rd1 b5 17. Bh3 b4 18. Ne2 g6 19. b3 Nb6 20. Bb2 Rxc2 21. Qxc2 Rc8 22. Qd3 Qc6 23. Rc1 Qb7 24. Rxc8+ Nbxc8 25. Kg2 Qc6 26. Bg4 a5 27. Bf3 a4 28. h4 a3 29. Bc1 h5 30. Bd2 Qc2 31. Qxc2 1-0


[Site "https://www.chess.com"]